AoeStats
← Khirs

Nomad

506179696Analyzed
4v4 RM · 19d ago on Sep 12, 2026· 54m 3s· 8 players
Game mode
Random Map
Map size
231×231
Population
200
Speed
Normal
Resources
Standard
Victory
Conquest
Starting age
Dark Age
Ending age
Imperial Age
RankedLock teamsTeams togetherTeam positionsShared explorationLock speedFull tech treeHidden civsTurbo modeCheats
Victory
Defeat
🇦🇺 Vikings · Australia
903
+14
🇮🇳 Dravidians · India
845
+18
🇩🇪 Cumans · Germany
843
+17
🇮🇳 Lithuanians · India
831
+38
🇵🇪 Gurjaras · Peru
869
-17
🇺🇸 Vietnamese · United States
867
-17
🇦🇿 Japanese · Azerbaijan
855
-16
🇪🇸 Chinese · Spain
854
-16
Felch Baby
10:43 Loom
17:03 Feudal Age
18:45 Horse Collar
23:07 Arson
24:13 Fletching
27:47 Castle Age
26:32 Stone Mining
28:16 Crossbowman
28:51 Pikeman
31:37 Gold Mining
33:56 Wheelbarrow
38:16 Double-Bit Axe
38:34 Heavy Plow
40:48 Ballistics
44:24 Imperial Age
42:12 Hand Cart
45:19 Thumb Ring
46:03 Paper Money
49:05 Chemistry
50:41 Bodkin Arrow
52:40 Bracer
52:41 Padded Archer Armor
53:02 Bow Saw
53:56 Elite Rattan Archer
Khirs
3:39 Loom
16:59 Feudal Age
17:49 Double-Bit Axe
20:32 Horse Collar
27:11 Castle Age
25:23 Stone Mining
25:36 Gold Mining
30:38 Gold Shaft Mining
30:02 Fletching
30:42 Bodkin Arrow
32:10 Padded Archer Armor
33:10 Murder Holes
33:24 Man-at-Arms
34:42 Ballistics
40:42 Imperial Age
38:30 Forging
38:18 Long Swordsman
42:43 Chemistry
42:08 Conscription
42:55 Bracer
48:29 Elite Skirmisher
49:15 Thumb Ring
49:29 Leather Archer Armor
juanygato
13:16 Loom
15:45 Feudal Age
27:20 Castle Age
26:09 Fishing Lines
32:43 Medium Warships
36:24 Gillnets
37:21 Scale Barding Armor
42:09 Imperial Age
41:10 Forging
42:00 Chain Barding Armor
43:55 Iron Casting
43:17 Elite Shrivamsha Rider
44:00 Husbandry
44:34 Bloodlines
Russia05
14:13 Feudal Age
12:29 Loom
18:46 Man-at-Arms
19:14 Arson
21:45 Castle Age
22:07 Double-Bit Axe
22:07 Horse Collar
22:59 Squires
24:17 Squires
24:03 Arson
24:32 Forging
24:23 Scale Mail Armor
25:23 Squires
25:08 Arson
25:09 Gambesons
26:26 Long Swordsman
34:43 Iron Casting
34:23 Chain Mail Armor
34:12 Gold Mining
34:12 Stone Mining
34:52 Pikeman
36:11 Chain Mail Armor
36:01 Scale Barding Armor
37:21 Bow Saw
44:01 Imperial Age
47:26 Conscription
48:40 Kataparuto
48:55 Hoardings
50:49 Wheelbarrow
saibot9065
14:21 Feudal Age
16:19 Double-Bit Axe
19:50 Castle Age
20:56 Wheelbarrow
20:07 Town Watch
21:05 Scale Barding Armor
21:55 Gold Mining
22:24 Forging
29:57 Murder Holes
32:08 Capped Ram
33:35 Ballistics
35:41 Chain Barding Armor
35:38 Horse Collar
36:41 Hand Cart
41:37 Imperial Age
42:44 Heavy Plow
45:08 Bow Saw
44:38 Cavalier
45:57 Plate Barding Armor
45:58 Iron Casting
46:57 Two-Man Saw
47:25 Gold Shaft Mining
46:40 Stone Mining
46:20 Paladin
49:07 Blast Furnace
nmcdo71
6:31 Loom
16:17 Feudal Age
16:51 Fishing Lines
22:02 Castle Age
22:57 Crossbowman
30:54 Town Watch
33:12 Town Patrol
33:38 Fletching
33:48 Padded Archer Armor
37:11 Imperial Age
35:05 Ballistics
36:20 Bodkin Arrow
36:41 Leather Archer Armor
37:13 Gambesons
37:19 Arbalester
40:10 Bracer
WILL HUNTING
4:45 Loom
17:00 Feudal Age
17:24 Fishing Lines
22:09 Castle Age
20:02 Man-at-Arms
20:28 Arson
22:11 Horse Collar
22:19 Double-Bit Axe
23:35 Wheelbarrow
22:45 Town Watch
22:51 Light Cavalry
23:31 Husbandry
23:39 Gillnets
24:11 Gold Mining
24:12 Stone Mining
25:06 Stone Mining
26:59 Medium Warships
27:40 Hand Cart
27:34 Fletching
27:45 Padded Archer Armor
31:26 Bow Saw
32:31 Heavy Plow
33:15 Squires
33:01 Gambesons
32:36 Long Swordsman
32:37 Pikeman
37:28 Imperial Age
40:00 Conscription
39:05 Two-Handed Swordsman
41:46 Two-Man Saw
41:47 Hoardings
42:49 Champion
47:36 Thumb Ring
46:52 Elite Skirmisher
ShinigamiPG
8:43 Loom
17:24 Feudal Age
27:18 Castle Age
27:46 Bloodlines
33:23 Double-Bit Axe
35:32 Elite Skirmisher
43:13 Thumb Ring
43:08 Fletching
46:28 Scale Barding Armor
46:26 Padded Archer Armor
51:44 Bodkin Arrow
53:25 Leather Archer Armor
Connection lost

Rejoining the realm…

Still unreachable

The connection could not be restored.

Session expired

The server has moved on; the page needs a fresh start.